 Dungeon Crawl Stone Soup version 0.18-a0-1435-gee79d65 (webtiles) character file.

200 Slowtrain the Ruffian (level 5, -2/60 HPs)
             Began as a Minotaur Transmuter on Feb 28, 2016.
             Slain by an orc
             ... wielding a +0 trident
              (8 damage)
             ... on level 4 of the Dungeon.
             The game lasted 00:20:04 (4345 turns).

Slowtrain the Ruffian (Minotaur Transmuter)         Turns: 4345, Time: 00:20:05

Health: -2/60      AC:  2    Str: 19    XL:     5   Next: 49%
Magic:  6/6        EV: 12    Int: 10    God:
Gold:   194        SH:  0    Dex: 12    Spells: 3 memorised, 0 levels left

rFire  . . .     SeeInvis .       - Unarmed
rCold  . . .     Gourm    .     b - +0 robe
rNeg   . . .     Faith    .     (no shield)
rPois  .         Spirit   .     (helmet restricted)
rElec  .         Dismiss  .     (no cloak)
rCorr  .         Reflect  .     (no gloves)
SustAt .         Harm     .     (no boots)
MR     .....                    (no amulet)
Stlth  ..........               (no ring)
                                (no ring)

@: berserking, very quick, not resistant to hostile enchantments, extremely
unstealthy
A: retaliatory headbutt, horns 2
a: no special abilities


You were on level 4 of the Dungeon.
You were not hungry.

You visited 1 branch of the dungeon, and saw 4 of its levels.

You collected 194 gold pieces.

Inventory:

Hand Weapons
 w - a +0 blowgun
Missiles
 a - 5 arrows
 h - 82 stones (quivered)
 t - 38 poisoned needles
 v - 2 tomahawks of returning
Armour
 b - a +0 robe (worn)
 r - a +0 pair of gloves
Rods
 y - a +0 rod of inaccuracy (11/11)
   (You found it on level 3 of the Dungeon)
Scrolls
 e - 6 scrolls of identify {unknown}
 i - a scroll of fog {unknown}
 k - 2 scrolls of enchant weapon {unknown}
 l - 2 scrolls of teleportation {unknown}
 m - a scroll of amnesia {unknown}
 o - a scroll of recharging {unknown}
 s - a scroll of remove curse {unknown}
 x - a scroll of enchant armour {unknown}
Potions
 j - a potion of degeneration {unknown}
 n - a potion of agility
 u - a potion of cancellation {unknown}
 z - a potion of ambrosia {unknown}
Books
 c - a book of Changes

   Spells                             Type                      Level
   a - Beastly Appendage              Transmutation                1
   b - Sticks to Snakes               Transmutation                2
   c - Spider Form                    Transmutation/Poison         3
   d - Ice Form                       Ice/Transmutation            4
   e - Blade Hands                    Transmutation                5
Comestibles
 d - 3 bread rations
 f - a meat ration
 q - 6 chunks of flesh


   Skills:
 - Level 1.2 Fighting
 - Level 2.1 Dodging
 - Level 5.0 Unarmed Combat
 - Level 1.3 Spellcasting
 + Level 3.5 Transmutations
 + Level 0.9 Poison Magic


You couldn't memorise any spells.
You knew the following spells:

 Your Spells              Type           Power        Failure   Level  Hunger
a - Beastly Appendage     Trmt           #.....       10%         1    ##.....
b - Sticks to Snakes      Trmt           #.......     14%         2    ###....
c - Spider Form           Trmt/Pois      #.........   38%         3    ####...


Dungeon Overview and Level Annotations

Branches:
Dungeon (4/15)
 Temple: D:4-7

Altars:
Dithmenos
Fedhas
Gozag
Xom
Yredelemnul
Zin
The Shining One

Annotations:
D:2 Terence
D:3 Goblin1989's ghost, amateur DsGl


Innate Abilities, Weirdness & Mutations

You reflexively headbutt those who attack you in melee.
You have a pair of horns on your head.


Message History

* * * LOW HITPOINT WARNING * * *
Drink which item? (? for menu, Esc to quit)
You feel better.
The orc wizard gestures at you while chanting.
The magic dart hits you!
* * * LOW HITPOINT WARNING * * *
The orc hits you but does no damage.
The orc wizard casts a spell.
The orc wizard flickers and vanishes!
Deactivating autopickup; reactivate with Ctrl-A.
The orc closely misses you.
Drink which item? (? for menu, Esc to quit)
It was a potion of berserk rage.
A red film seems to cover your vision as you go berserk!
You feel yourself moving faster!
You feel mighty! Something hits you.
* * * LOW HITPOINT WARNING * * *
The orc hits you with a dagger.
* * * LOW HITPOINT WARNING * * *
The orc hits you from afar with a trident!
You die...

.... #.### ... .....
###..#### #.....
#........###......
#.................
#..........!...(..
#...##.(.......
#.#.@{.....$(..
#######.###o.........
##.....#....o...<#....
#...................##
.......<.............
$..............<......
.....................>
......................
....................


You could see 2 orcs.

Vanquished Creatures
  A hound (D:4)
  A hound skeleton (D:4)
  A gnoll (D:3)
  3 adders
  3 worms (D:2)
  A dart slug (D:2)
  4 giant geckos
  4 orcs (D:3)
  A ball python (D:3)
  7 giant cockroaches
  6 goblins
  10 hobgoblins
  16 jackals
  13 bats
  5 giant newts
  9 kobolds
  6 rats
91 creatures vanquished.

Vanquished Creatures (collateral kills)
  An adder (D:2)
1 creature vanquished.

Grand Total: 92 creatures vanquished

Notes
Turn   | Place    | Note
--------------------------------------------------------------
     0 | D:1      | Slowtrain the Minotaur Transmuter began the quest for the Orb.
     0 | D:1      | Reached XP level 1. HP: 16/16 MP: 1/1
   149 | D:1      | Reached XP level 2. HP: 17/23 MP: 0/3
   262 | D:1      | Learned a level 2 spell: Sticks to Snakes
   788 | D:1      | Reached skill level 4 in Unarmed Combat
   812 | D:1      | Reached XP level 3. HP: 20/28 MP: 2/4
  1306 | D:2      | Found an opulent altar of Gozag.
  1361 | D:2      | Noticed Terence
  1565 | D:2      | Found a glowing golden altar of the Shining One.
  1566 | D:2      | Found a shadowy altar of Dithmenos.
  1675 | D:2      | Found a glowing silver altar of Zin.
  1677 | D:2      | Found a shimmering altar of Xom.
  1677 | D:2      | Found a basalt altar of Yredelemnul.
  1680 | D:2      | Found a blossoming altar of Fedhas.
  1832 | D:2      | Reached XP level 4. HP: 33/35 MP: 3/5
  2684 | D:3      | Noticed Goblin1989's ghost (amateur DsGl)
  3486 | D:3      | Identified a +0 rod of inaccuracy (11/11) (You found it on level 3 of the Dungeon)
  3599 | D:3      | Reached XP level 5. HP: 24/40 MP: 6/6
  3612 | D:2      | Reached skill level 5 in Unarmed Combat
  3628 | D:2      | Learned a level 3 spell: Spider Form
  3815 | D:3      | Noticed a hippogriff
  4345 | D:4      | Slain by an orc

Vault maps used:
D:1:      moated_graveyard_arrival
D:2:      grunt_temple_overflow_open, nicolae_gozag_seed_capital,
          serial_bayou_pond_b, uniq_terence
D:3:      portal_sewer_entry_b, kennysheep_generic_room_3
D:4:      minmay_temple_entry_butterflies, first_bread

Skill      XL: |  1  2  3  4  5 |
---------------+----------------+-----
Transmutations | 2 3 |  3.5
Unarmed Combat | 4 5 |  5.0
Fighting       | |  1.2
Dodging        | |  2.1
Spellcasting   | |  1.3
Poison Magic   | |  0.9

Action                   |  1- 3 |  4- 6 || total
-------------------------+-------+-------++-------
Melee: Unarmed           |   137 |   138 ||   275
 Fire: Blowgun           |       |     4 ||     4
Throw: Stone             |     6 |    17 ||    23
 Cast: Beastly Appendage |    13 |    15 ||    28
       Sticks to Snakes  |       |     7 ||     7
  Use: Potion            |       |     4 ||     4
 Stab: Sleeping          |     1 |       ||     1
  Eat: Chunk             |     3 |     5 ||     8
       Royal jelly       |       |     1 ||     1
       Meat ration       |       |     1 ||     1
